 Dungeon Crawl Stone Soup version 0.29.1-1-gd02db6906a (webtiles) character file.

Game seed: 17530421735221420104

81065 tardwrangler69 the Marksminotaur (level 15, -23/147 HPs)
             Began as a Minotaur Fighter on Oct 17, 2022.
             Was a High Priest of Okawaru.
             Annihilated by an enormous slime creature (51 damage)
             ... on level 14 of the Dungeon.
             The game lasted 00:37:12 (32853 turns).

tardwrangler69 the Marksminotaur (MiFi)            Turns: 32853, Time: 00:37:12

Health: -23/147    AC: 16    Str: 28    XL:     15   Next: 25%
Magic:  20/20      EV: 18    Int:  7    God:    Okawaru [*****.]
Gold:   813        SH:  5    Dex: 24    Spells: 14/14 levels left

rFire   + . .      SeeInvis +   K - +9 heavy crossbow "Sniper" {vorpal, Acc+∞ SInv}
rCold   . . .      Faith    .   (shield currently unavailable)
rNeg    . . .      Spirit   .   N - +4 scale mail of the Abyss {rPois Int+2}
rPois   +          Reflect  +   (helmet restricted)
rElec   .          Harm     .   y - scarf {shadows}
rCorr   .          Rampage  .   (no gloves)
Will    +....                   Y - +2 pair of boots "Xojee" {*Corrode rF+ Str+4 Dex+4}
Stlth   +.........              g - amulet of reflection
HPRegen 0.34/turn               W - +6 ring of dexterity
MPRegen 0.17/turn               P - ring of poison resistance

@: studying Spellcasting
A: horns 2, retaliatory headbutt
a: Renounce Religion, Heroism, Finesse, Duel


You were on level 14 of the Dungeon.
You worshipped Okawaru.
Okawaru was extremely pleased with you.
You visited 4 branches of the dungeon, and saw 22 of its levels.
You visited the Abyss 1 time.

You collected 3070 gold pieces.
You spent 2257 gold pieces at shops.

Inventory:

Hand Weapons
 a - a +0 war axe
 b - a +0 broad axe of flaming
 q - the +6 shillelagh "Devastator" {shatter}
   (You found it on level 5 of the Dungeon)

   It releases a powerful concussive burst when it strikes, dealing extra damage
   to the target and all other foes adjacent to them.
 K - the +9 heavy crossbow "Sniper" (weapon) {vorpal, Acc+∞ SInv}
   (You found it on level 8 of the Dungeon)

   Any ammunition fired from it inflicts extra damage upon your enemies.
   Any ammunition fired from it never misses its target.
   SInv:      It lets you see invisible.
 M - the +6 long sword of Fortitude {antimagic, Fragile rN++}
   (You bought it in a shop on level 9 of the Dungeon)

   It reduces the magical energy of the wielder, and disrupts the spells and
   magical abilities of those it strikes.
   Natural abilities and divine invocations are not affected.
   rN:        It greatly protects you from negative energy.
   Fragile:   It will be destroyed if unequipped.
 Z - a +3 battleaxe of flaming
Missiles
 l - 3 throwing nets
Armour
 c - the +2 buckler of Okawaru {rPois}
   (Okawaru gifted it to you on level 4 of the Lair of Beasts)

   rPois:     It protects you from poison.
 y - a scarf of shadows (worn)
 N - the +4 scale mail of the Abyss (worn) {rPois Int+2}
   (Okawaru gifted it to you on level 2 of the Abyss)

   Int:       It affects your intelligence (+2).
   rPois:     It protects you from poison.
 O - a +0 pair of boots
 Y - the +2 pair of boots "Xojee" (worn) {*Corrode rF+ Str+4 Dex+4}
   (Okawaru gifted it to you on level 12 of the Dungeon)

   Str:       It affects your strength (+4).
   Dex:       It affects your dexterity (+4).
   rF:        It protects you from fire.
   *Corrode:  It may corrode you when you take damage.
Jewellery
 g - an amulet of reflection (around neck)
 A - a ring of flight
 H - a +6 ring of strength
 J - a ring of protection from cold
 P - a ring of poison resistance (right hand)
 Q - a ring of protection from cold
 U - a ring of magical power
 W - a +6 ring of dexterity (left hand)
Wands
 x - a wand of iceblast (16)
 L - a wand of mindburst (11)
 V - a wand of digging (7)
Scrolls
 j - 4 scrolls of teleportation
 k - 2 scrolls of enchant armour
 n - 3 scrolls of blinking
 w - 6 scrolls of fear
 B - 2 scrolls of poison
 E - 4 scrolls of vulnerability
 F - 4 scrolls of enchant weapon
 G - 2 scrolls of fog
 I - 3 scrolls of immolation
 R - 2 scrolls of magic mapping
Potions
 d - a potion of resistance {unknown}
 e - 5 potions of haste
 f - 3 potions of attraction {unknown}
 h - 3 potions of magic
 i - a potion of cancellation {unknown}
 m - 5 potions of lignification
 o - a potion of experience {unknown}
 p - 6 potions of brilliance {unknown}
 r - 5 potions of mutation {unknown}
 t - 4 potions of degeneration {unknown}
 u - 7 potions of curing
 v - 3 potions of berserk rage {unknown}
 z - a potion of invisibility {unknown}
 C - a potion of flight {unknown}
 D - 2 potions of heal wounds
 S - a potion of might


   Skills:
 + Level 17.1 Fighting
 - Level 10.9(12.1) Axes
 - Level 8.8(11.1) Maces & Flails
 * Level 18.9 Ranged Weapons
 + Level 11.0 Armour
 + Level 9.5 Dodging
 - Level 3.6 Shields
 - Level 8.1 Invocations


You had 14 spell levels left.
You didn't know any spells.
Your spell library contained the following spells:

 Spells                   Type           Power      Damage    Failure   Level
 Apportation              Tloc           0%         N/A       65%         1
 Magic Dart               Conj           0%         1d3       65%         1
 Necrotise                Necr           0%         1d4       65%         1
 Sandblast                Erth           0%         2d4       65%         1
 Sting                    Tmut/Pois      0%         1d3       65%         1
 Ensorcelled Hibernation  Hex/Ice        0%         N/A       78%         2
 Passwall                 Tmut/Erth      0%         N/A       78%         2
 Poisonous Vapours        Pois/Air       0%         N/A       78%         2
 Searing Ray              Conj           0%         2d4       78%         2
 Static Discharge         Conj/Air       0%         3-3/arc   78%         2
 Dazzling Flash           Conj/Hex       0%         N/A       95%         3
 Frozen Ramparts          Ice            0%         1d1       95%         3
 Ignite Poison            Fire/Tmut/Pois 0%         N/A       95%         3
 Mephitic Cloud           Conj/Pois/Air  0%         N/A       95%         3
 Ozocubu's Armour         Ice            0%         N/A       95%         3
 Spider Form              Tmut/Pois      0%         N/A       95%         3
 Stone Arrow              Conj/Erth      0%         3d7       95%         3
 Anguish                  Hex/Necr       0%         N/A       100%        4
 Fulminant Prism          Conj/Hex       0%         3d6       100%        4
 Ice Form                 Ice/Tmut       0%         N/A       100%        4
 Iskenderun's Mystic Bla  Conj/Tloc      0%         2d3       100%        4
 Olgreb's Toxic Radiance  Pois           0%         N/A       100%        4
 Freezing Cloud           Conj/Ice/Air   0%         6-21      100%        5
 Iskenderun's Battlesphe  Conj           0%         2d6       100%        5
 Lightning Bolt           Conj/Air       0%         1d11      100%        5
 Metabolic Englaciation   Hex/Ice        0%         N/A       100%        5
 Iron Shot                Conj/Erth      0%         9d1       100%        6
 Starburst                Conj/Fire      0%         6d3       100%        6
 Lehudib's Crystal Spear  Conj/Erth      0%         10d2      100%        8
 Maxwell's Capacitive Co  Air            0%         ∞         100%        8
 Summon Small Mammal      Summ           Unusable   N/A       N/A         1
 Animate Armour           Summ/Erth      Unusable   N/A       N/A         4
 Summon Ice Beast         Ice/Summ       Unusable   N/A       N/A         4
 Simulacrum               Ice/Necr       Unusable   N/A       N/A         6
 Spellforged Servitor     Conj/Summ      Unusable   N/A       N/A         7

Dungeon Overview and Level Annotations

Branches:
Dungeon (14/15)            Temple (1/1) D:6            Lair (5/5) D:9
  Swamp (0/4) Lair:3       Spider (0/4) Lair:3        Slime (0/5) Lair:5
    Orc (2/2) D:12            Elf (0/3) Orc:2        Vaults (0/5) D:14

Altars:
Ashenzari
Cheibriados
Dithmenos
Elyvilon
Fedhas
Gozag
Hepliaklqana
Kikubaaqudgha
Makhleb
Nemelex Xobeh
Okawaru
Qazlal
Ru
Sif Muna
Trog
Uskayaw
Vehumet
Wu Jian
Xom
Yredelemnul
Zin
The Shining One
Jiyva

Shops:
D:2 (   D:3 (   D:4 *?   D:8 (   D:9 (   D:14 :   Orc:2 !(*(

Annotations:
D:3 3 runed translucent doors, Rangus's ghost, weakling OpWn
D:11 2 transporters, 2 runed translucent doors, Spacebear9's ghost, journeyman DjFE
Lair:5 1 runed translucent door


Innate Abilities, Weirdness & Mutations

You have a pair of horns on your head.
You reflexively headbutt those who attack you in melee.


Message History

Aim: a slime creature (100% to hit)
You shoot a bolt. The bolt hits the slime creature!!
The slime creature is heavily wounded.
You shoot a bolt. The slime creature quivers.
The bolt hits the slime creature!
The slime creature is almost dead.
You shoot a bolt. The bolt hits the slime creature!!
You kill the slime creature!
Okawaru accepts your kill.
You shoot a bolt. The bolt hits the slime creature!!
The slime creature is severely wounded.
Two slime creatures merge to form a large slime creature.
Two slime creatures merge to form a very large slime creature.
You shoot a bolt.
The bolt hits the very large slime creature!
The very large slime creature is moderately wounded.
You shoot a bolt.
The bolt hits the very large slime creature!!
The very large slime creature is heavily wounded.
The very large slime creature hits you but does no damage.
The very large slime creature hits you!!
You shoot a bolt.
The bolt hits the very large slime creature!!
The very large slime creature is heavily wounded.
The very large slime creature misses you.
The very large slime creature hits you.
You shoot a bolt.
The bolt hits the very large slime creature!!
The very large slime creature is severely wounded.
The very large slime creature hits you!!
Two slime creatures merge to form an enormous slime creature.
You shoot a bolt.
The bolt hits the enormous slime creature!!
The enormous slime creature is severely wounded.
The enormous slime creature hits you!!!
* * * LOW HITPOINT WARNING * * *
The enormous slime creature attacks as you move away!
The enormous slime creature hits you!!!
You die...

...#...#..#.........#
##.#.####.#.........#
.).#...##.'.........#
.#####.####........<#
.......# #.........#
######## #.........#
..# ######'#### #.#
#J# #.# #@# #.# #.#
#.#### #######.####
.....# #..........#
.[...# #...<......#
.....# #..........#
.....### #..........#
.......###..........#
.....#...#........_.#


You could see an enormous slime creature.

Vanquished Creatures
  A profane servitor (Abyss:2)
  2 tentacled starspawn (Abyss:2)
  A starcursed mass (Abyss:2)
  Snorg (D:11)
  Josephine (Lair:3)
  Harold (D:11)
  4 vault guards (D:14)
  3 boulder beetles
  7 hydras
  A catoblepas (Lair:1)
  2 centaur warriors
  3 two-headed ogres
  Erica (D:11)
  A death yak (Lair:4)
  Urug (Lair:3)
  4 orc high priests
  Amaemon (D:8)
  A deep elf knight (D:14)
  A fire crab (shapeshifter) (D:14)
  A goliath frog (Lair:5)
  2 wizards (D:14)
  6 orc knights
  4 orc sorcerers
  An ugly thing (D:8)
  4 deep elf pyromancers
  A manticore (D:12)
  A faun (Lair:3)
  4 cyclopes
  2 will-o-the-wisps (Abyss:2)
  A worldbinder (Abyss:2)
  Joseph (D:9)
  3 black mambas
  4 elephants (Lair:5)
  An orange demon (D:9)
  2 torpor snails
  18 cane toads
  An unseen horror (Abyss:2)
  5 gargoyles
  10 komodo dragons
  An efreet (D:13)
  A tengu conjurer (D:13)
  12 trolls
  6 meliai
  2 tyrant leeches (Lair:5)
  2 hornets (D:8)
  12 blink frogs (Lair:5)
  3 raiju (Abyss:2)
  13 slime creatures
  3 dream sheep (Lair:2)
  2 jumping spiders (Lair:2)
  A culicivora (Lair:2)
  2 ynoxinuls (Abyss:2)
  A culicivora (shapeshifter) (D:14)
  A shadow (D:10)
  A vampire (D:8)
  8 wraiths
  44 yaks
  A wyvern (Lair:2)
  A large abomination (Abyss:2)
  4 basilisks
  A neqoxec (Abyss:2)
  A redback (Lair:3)
  Grum (D:11)
  2 humans (D:14)
  8 vampire mosquitoes
  An acid dragon (D:13)
  Duvessa (D:4)
  7 water moccasins
  A sky beast (D:8)
  2 small abominations (Abyss:2)
  2 black bears (D:7)
  2 ice beasts (D:8)
  6 ogres
  23 orc warriors
  40 wolves
  8 centaurs
  2 phantoms
  9 bullfrogs
  2 gnoll sergeants
  A necrophage (D:6)
  3 wights (D:9)
  3 scorpions
  Dowan (D:4)
  9 killer bees
  5 howler monkeys
  6 electric eels
  Crazy Yiuf (D:2)
  8 hounds
  2 gnoll boudas (D:8)
  14 orc priests
  An iguana (D:4)
  An iron imp (Abyss:2)
  18 orc wizards
  21 gnolls
  4 adders
  2 ufetubi
  2 worms
  3 dart slugs
  68 orcs
  5 ball pythons
  4 endoplasms
  A giant cockroach (D:4)
  12 goblins
  5 hobgoblins
  2 jackals (D:4)
  2 quokkas (D:2)
  6 bats
  3 frilled lizards
  4 kobolds
  4 rats
570 creatures vanquished.

Vanquished Creatures (others)
  2 ynoxinuls (Abyss:2)
  A large abomination (Abyss:2)
  A naga zombie (Abyss:2)
  An orc priest (Orc:2)
  18 demonic plants (Abyss:2)
  A foxfire (Abyss:2)
  30 fungi
  A lurking horror (Abyss:2)
  74 plants
  2 starspawn tentacles (Abyss:2)
131 creatures vanquished.

Grand Total: 701 creatures vanquished

Notes
Turn   | Place    | Note
-------+----------+-------------------------------------------
     0 | D:1      | tardwrangler69 the Minotaur Fighter began the quest for the
                  | Orb.
     0 | D:1      | Reached XP level 1. HP: 19/19 MP: 0/0
   282 | D:1      | Found a faded altar of an unknown god.
   682 | D:2      | Reached XP level 2. HP: 27/27 MP: 1/1
  1056 | D:2      | Reached XP level 3. HP: 33/33 MP: 2/2
  1567 | D:2      | Reached XP level 4. HP: 41/41 MP: 3/3
  1591 | D:2      | Found Boinicy's Antique Weapon Emporium.
  1920 | D:2      | Found a runed translucent door.
  1921 | D:2      | Noticed Crazy Yiuf
  2066 | D:2      | Killed Crazy Yiuf
  2067 | D:2      | Reached skill level 5 in Axes
  2169 | D:3      | Identified the +1 leather armour "Tacuogg" {Fly Int-3
                  | Slay+5 SInv}
  2209 | D:3      | Found a runed translucent gate.
  2210 | D:3      | Found a runed translucent gate.
  2211 | D:3      | Found a runed translucent gate.
  2212 | D:3      | Noticed Rangus's ghost (weakling OpWn)
  2223 | D:3      | Found Syotilir's Weapon Shoppe.
  2279 | D:3      | Reached XP level 5. HP: 26/47 MP: 4/4
  2502 | D:3      | You are sucked into a shaft and drop 2 floors!
  2502 | D:5      | Entered Level 5 of the Dungeon
  2527 | D:5      | Reached skill level 5 in Fighting
  2746 | D:5      | Noticed an ogre
  2746 | D:5      | Noticed an ogre
  2746 | D:5      | Noticed an ogre
  2796 | D:6      | Noticed a wraith
  2808 | D:6      | Killed a wraith
  2809 | D:6      | Reached XP level 6. HP: 23/57 MP: 5/5
  3092 | D:6      | Found a staircase to the Ecumenical Temple.
  3113 | Temple   | Entered the Ecumenical Temple
  3327 | Temple   | Became a worshipper of Warmaster Okawaru
  3374 | D:6      | Reached XP level 7. HP: 63/63 MP: 6/6
  3619 | D:5      | Found the +6 shillelagh "Devastator" {shatter}
  4119 | D:4      | Found Luptigio's Magic Scroll Boutique.
  4124 | D:4      | Bought a scroll of fear for 48 gold pieces
  4541 | D:4      | Found Qiwe's Assorted Antiques.
  4563 | D:4      | Bought a scroll labelled QUGONO YCUGAUT for 25 gold pieces
  4563 | D:4      | Bought a fuming red potion for 22 gold pieces
  4563 | D:4      | Bought a blue potion for 22 gold pieces
  4839 | D:4      | Noticed Dowan
  4841 | D:4      | Noticed Duvessa
  4850 | D:4      | Killed Duvessa
  4850 | D:4      | Reached * piety under Okawaru
  4854 | D:4      | Killed Dowan
  4855 | D:4      | Reached XP level 8. HP: 42/73 MP: 7/7
  5140 | D:4      | Bought a yellow potion for 22 gold pieces
  5156 | D:5      | Reached skill level 10 in Axes
  5410 | D:5      | Reached ** piety under Okawaru
  5546 | D:5      | Reached skill level 1 in Maces & Flails
  5797 | D:6      | Reached skill level 1 in Invocations
  5959 | D:6      | Found a hide-covered altar of Uskayaw.
  6256 | D:7      | Reached XP level 9. HP: 78/83 MP: 9/9
  6337 | D:7      | Found a flagged portal.
  6337 | D:7      | Noticed a cyclops
  6346 | D:7      | Killed a cyclops
  6346 | D:7      | Reached *** piety under Okawaru
  6410 | D:8      | Noticed a cyclops
  6419 | D:8      | Killed a cyclops
  6442 | D:8      | Reached skill level 10 in Fighting
  6442 | D:8      | Reached skill level 5 in Maces & Flails
  6804 | D:8      | Reached skill level 5 in Invocations
  6830 | D:8      | Found the +9 heavy crossbow "Sniper" {vorpal, Acc+∞ SInv}
  6869 | D:8      | Noticed a four-headed hydra
  6869 | D:8      | Noticed a white ugly thing
  7128 | D:7      | Reached **** piety under Okawaru
  7129 | D:7      | Reached XP level 10. HP: 89/94 MP: 12/12
  8184 | D:8      | Found Ficheih's Weapon Shop.
  8277 | D:8      | Noticed a gargoyle
  8280 | D:8      | Killed a gargoyle
  8280 | D:8      | Reached ***** piety under Okawaru
  8289 | D:8      | Killed a white ugly thing
  8730 | D:8      | Killed a four-headed hydra
  9036 | D:9      | Noticed Amaemon
  9036 | D:9      | Noticed an orange demon
  9045 | D:8      | Killed Amaemon
  9046 | D:8      | Reached skill level 2 in Ranged Weapons
  9564 | D:9      | Reached XP level 11. HP: 104/104 MP: 15/15
  9606 | D:9      | Noticed a two-headed ogre
  9607 | D:9      | Reached skill level 3 in Ranged Weapons
  9769 | D:9      | Noticed a two-headed ogre
  9809 | D:9      | Killed a two-headed ogre
  9829 | D:9      | Found a staircase to the Lair.
 10207 | D:9      | Reached skill level 4 in Ranged Weapons
 10545 | D:9      | Found Gilepheg's Antique Weapon Emporium.
 10618 | D:9      | Noticed Joseph
 10621 | D:9      | Killed Joseph
 10622 | D:9      | Reached skill level 5 in Ranged Weapons
 10819 | D:9      | Killed a two-headed ogre
 11160 | D:9      | Noticed a five-headed hydra
 11265 | Lair:1   | Entered Level 1 of the Lair of Beasts
 11322 | Lair:1   | Noticed a catoblepas
 11333 | Lair:1   | Killed a catoblepas
 11334 | Lair:1   | Reached skill level 6 in Ranged Weapons
 11793 | Lair:1   | Reached ****** piety under Okawaru
 11797 | Lair:1   | Reached skill level 7 in Ranged Weapons
 11917 | Lair:1   | Noticed a six-headed hydra
 11924 | Lair:1   | Killed a six-headed hydra
 12858 | Lair:2   | Reached skill level 8 in Ranged Weapons
 13188 | Lair:2   | You fall into a shaft and drop 2 floors!
 13206 | Lair:4   | Reached XP level 12. HP: 103/116 MP: 14/17
 13209 | Lair:4   | Reached skill level 9 in Ranged Weapons
 13420 | Lair:4   | Identified the +2 buckler of Okawaru {rPois} (Okawaru
                  | gifted it to you on level 4 of the Lair of Beasts)
 13420 | Lair:4   | Received a gift from Okawaru
 13435 | Lair:4   | Identified a scroll of acquirement
 13440 | Lair:4   | Acquired 482 gold pieces
 14260 | D:4      | Bought a scroll of acquirement for 624 gold pieces
 14261 | D:4      | Acquired a manual of Ranged Weapons
 14572 | Lair:2   | Reached skill level 10 in Ranged Weapons
 14585 | Lair:2   | Reached skill level 1 in Dodging
 15295 | Lair:3   | Noticed a six-headed hydra
 15357 | Lair:3   | Reached skill level 11 in Ranged Weapons
 15392 | Lair:3   | Reached skill level 5 in Armour
 15539 | Lair:3   | Killed a six-headed hydra
 15542 | Lair:3   | Reached skill level 12 in Ranged Weapons
 15696 | Lair:3   | Found a staircase to the Swamp.
 15696 | Lair:3   | Noticed Urug
 15706 | Lair:3   | Killed Urug
 16056 | Lair:3   | Noticed a five-headed hydra
 16060 | Lair:3   | Killed a five-headed hydra
 16296 | Lair:3   | Noticed Josephine
 16319 | Lair:3   | Killed Josephine
 16319 | Lair:3   | Received a gift from Okawaru
 16320 | Lair:3   | Reached skill level 13 in Ranged Weapons
 16733 | Lair:3   | Found a hole to the Spider Nest.
 16799 | Lair:4   | Noticed a death yak
 16958 | Lair:4   | Killed a death yak
 16959 | Lair:4   | Reached XP level 13. HP: 91/125 MP: 10/18
 17267 | Lair:5   | Entered Level 5 of the Lair of Beasts
 17491 | Lair:5   | Identified the +2 shortbow of the Whelk {flame, rPois
                  | Str+5}
 17508 | Lair:5   | Reached skill level 15 in Fighting
 17511 | Lair:5   | Reached skill level 14 in Ranged Weapons
 17514 | Lair:5   | Received a gift from Okawaru
 17516 | Lair:5   | Reached skill level 5 in Dodging
 18003 | Lair:5   | Reached skill level 15 in Ranged Weapons
 18761 | Lair:5   | Reached skill level 16 in Ranged Weapons
 19161 | Lair:5   | Found a runed translucent door.
 19166 | Lair:5   | Found a staircase to the Slime Pits.
 19990 | D:9      | Found a staircase to the Lair.
 20120 | D:9      | Found Gilepheg's Antique Weapon Emporium.
 20465 | D:10     | Entered Level 10 of the Dungeon
 20537 | D:10     | Received a gift from Okawaru
 20810 | D:10     | Found a white marble altar of Elyvilon.
 20814 | D:10     | Found a broken altar of Ashenzari.
 21196 | D:11     | Noticed Erica
 21212 | D:11     | Killed Erica
 21274 | D:11     | Noticed Grum
 21288 | D:11     | Killed Grum
 21436 | D:11     | Found a transporter.
 21436 | D:11     | Noticed Snorg
 21451 | D:11     | Killed Snorg
 21554 | D:11     | Noticed Harold
 21558 | D:11     | Killed Harold
 21559 | D:11     | Reached XP level 14. HP: 116/136 MP: 19/19
 21639 | D:11     | Noticed Spacebear9's ghost (journeyman DjFE)
 21639 | D:11     | Noticed a lich
 21641 | D:11     | Noticed a stone giant
 21661 | D:11     | Found a runed translucent door.
 21685 | D:11     | Found a runed translucent door.
 21864 | D:11     | Reached skill level 17 in Ranged Weapons
 22283 | D:11     | Found a transporter.
 22283 | D:11     | Found a viscous altar of Jiyva.
 22715 | D:12     | Found an ancient bone altar of Kikubaaqudgha.
 24164 | D:12     | Identified the +2 pair of boots "Xojee" {*Corrode rF+ Str+4
                  | Dex+4} (Okawaru gifted it to you on level 12 of the
                  | Dungeon)
 24164 | D:12     | Received a gift from Okawaru
 24369 | D:12     | Found a staircase to the Orcish Mines.
 24662 | Orc:1    | Entered Level 1 of the Orcish Mines
 24964 | Orc:1    | Paralysed by an orc sorcerer for 3 turns
 25276 | Orc:2    | Entered Level 2 of the Orcish Mines
 25277 | Orc:2    | Found a staircase to the Elven Halls.
 27440 | Orc:2    | Found Zaicwyimp's Weapon Boutique.
 27440 | Orc:2    | Found Ujothri's Assorted Antiques.
 27445 | Orc:2    | Found Pagiask's Antique Weapon Boutique.
 27445 | Orc:2    | Found Ettokkouck's Distillery.
 27537 | Orc:2    | Bought a potion of heal wounds for 70 gold pieces
 27537 | Orc:2    | Bought a potion of heal wounds for 70 gold pieces
 27537 | Orc:2    | Bought a potion of haste for 140 gold pieces
 27537 | Orc:2    | Bought 2 potions of curing for 84 gold pieces
 27547 | Orc:2    | Bought an ichor-stained plate armour for 952 gold pieces
 27547 | Orc:2    | Identified the +1 plate armour "Orghat" {rN+ Stlth+} (You
                  | bought it in a shop on level 2 of the Orcish Mines)
 27718 | D:9      | Bought an ichor-stained long sword for 178 gold pieces
 27718 | D:9      | Identified the +6 long sword of Fortitude {antimagic,
                  | Fragile rN++} (You bought it in a shop on level 9 of the
                  | Dungeon)
 27894 | Orc:1    | Reached skill level 18 in Ranged Weapons
 28260 | D:13     | Reached skill level 10 in Armour
 30758 | D:14     | Found an opulent altar of Gozag.
 30878 | Abyss:2  | Cast into level 2 of the Abyss (a wizard)
 30911 | Abyss:2  | Identified the +4 scale mail of the Abyss {rPois Int+2}
                  | (Okawaru gifted it to you on level 2 of the Abyss)
 30911 | Abyss:2  | Received a gift from Okawaru
 31002 | Abyss:2  | Noticed a profane servitor
 31028 | Abyss:2  | Killed a profane servitor
 31029 | Abyss:2  | Reached XP level 15. HP: 84/146 MP: 13/20
 31180 | Abyss:2  | Noticed a tentacled starspawn
 31189 | Abyss:2  | Killed a tentacled starspawn
 31487 | Abyss:2  | Noticed a tentacled starspawn
 31489 | Abyss:2  | Noticed a hellephant
 31496 | Abyss:2  | Killed a tentacled starspawn
 32107 | D:14     | Escaped the Abyss
 32542 | D:14     | Found Zuxev's Book Shoppe.
 32735 | D:14     | Found a gate to the Vaults.
 32853 | D:14     | Annihilated by an enormous slime creature

Illustrated notes

Levels and vault maps discovered:
D:1:      lemuel_arrival_broad_hall, layout_basic, serial_aquarium,
          aquarium_bridge_square [aquarium_subvault_bridge,
          aquarium_subvault_wall, aquarium_subvault_balcony,
          aquarium_subvault_wall], aquarium_window_corridor_1,
          aquarium_window_1, aquarium_window_1, aquarium_window_fake,
          aquarium_view_2d, aquarium_balcony_3b, aquarium_pool_1,
          shapermc_ecumenical_altar_petra
D:2:      minmay_evil_eye, layout_loops_ring, serial_shops, shop,
          uniq_crazy_yiuf_cottage
D:3:      layout_rooms, gammafunk_ghost_split, serial_shops, shop,
          nicolae_figureground_sparkle
D:4:      layout_gridville, serial_shops, nicolae_shop_waterfront,
          nicolae_stop_n_shop_1, serial_bayou_lagoon_a, uniq_duvessa
D:5:      layout_basic, chequers_avenue, dilly_guarded_unrand_devastator
D:6:      layout_rooms, mainiacjoe_overflow_alcove_1, minmay_temple_entry_tees,
          minivault_27, minmay_misc_feat_pillars, minivault_27
D:7:      layout_loops_ring, enter_bailey_5, feat_on_display
D:8:      minmay_tri_box, layout_loops_ring, serial_shops,
          nicolae_shop_statue_plus
D:9:      layout_stronghold, erik_lair_island, serial_shops, shop, uniq_joseph,
          uniq_amaemon
D:10:     layout_basic, mainiacjoe_overflow_catch_the_wave,
          hangedman_decor_riveting, dk_rats_in_the_wall
D:11:     gammafunk_jiyva_shrine, layout_cave_pools,
          muffindrake_ghost_dual_entry, uniq_erica, uniq_grum, uniq_harold,
          uniq_snorg
D:12:     layout_irregular_city, david_orc_5, kiku_gazebo_pond_becter
D:13:     layout_roguey
D:14:     layout_roguey, grunt_vaults_entry_fortified, serial_shops,
          nicolae_shop_waterfront, nicolae_gozag_seed_capital
Temple:   hellmonk_temple_of_storms
Lair:1:   layout_roguey
Lair:2:   layout_small_grid
Lair:3:   layout_roguey, swamp_mist, spider_nest_entry_funnel_web,
          grunt_forest_large_clearings, lemuel_fruit_fields, uniq_urug,
          uniq_josephine
Lair:4:   layout_hall_layers, lemuel_fruit_fields, grunt_megastairs_4
Lair:5:   minmay_lair_end_frog_pond, layout_misc_corridors, slime_entry_2,
          lemuel_fruit_tree, infiniplex_staircase_pool_2
Orc:1:    layout_caves
Orc:2:    grunt_orc_tribal_feast, layout_caves

Skill      XL: |  1  2  3  4  5  6  7  8  9 10 11 12 13 14 15 |
---------------+----------------------------------------------+-----
Axes           | 3 4 5 7 9 10 | 10.9
Fighting       | 4 5 6 7 9 10 12 13 14 15 16 17 | 17.1
Maces & Flails | 2 6 8 |  8.8
Invocations    | 2 5 7 8 |  8.1
Ranged Weapons | 2 8 13 16 18 | 18.9
Armour         | 6 8 10 11 | 11.0
Dodging        | 4 7 9 |  9.5
Shields        | |  3.6

Action                   |  1- 3 |  4- 6 |  7- 9 | 10-12 | 13-15 || total
-------------------------+-------+-------+-------+-------+-------++-------
Melee: War axe           |    83 |    46 |    82 |       |       ||   211
       Headbutt          |     4 |    12 |    24 |    41 |   192 ||   273
       Shillelagh        |       |       |    57 |   257 |   137 ||   451
       Punch             |       |       |       |     1 |    11 ||    12
       Broad axe         |       |       |       |       |   615 ||   615
 Fire: Heavy crossbow    |       |       |       |    41 |    50 ||    91
Invok: Heroism           |       |       |     2 |    14 |    14 ||    30
       Finesse           |       |       |       |     3 |     5 ||     8
Evoke: Wand              |       |       |       |     6 |    11 ||    17
  Use: Potion            |     1 |     1 |     4 |     4 |     5 ||    15
       Scroll            |       |       |     6 |    11 |    10 ||    27
Armor: Scale mail        |    26 |     1 |       |    41 |   196 ||   264
       Leather armour    |       |     7 |    21 |    13 |       ||    41
Dodge: Dodged            |    35 |     6 |    80 |   134 |   447 ||   702
Block: Buckler           |    41 |    14 |    66 |    86 |   114 ||   321
       Reflection        |     3 |       |     1 |     2 |     9 ||    15
       Other             |       |       |       |    25 |    99 ||   124
